 Dungeon Crawl Stone Soup version 0.24.0-13-gcf9b319 (webtiles) character file.

Game seed: 18335256221478599021, levelgen mode: deterministic

774 Fang the Skirmisher (level 7, 0/69 HPs)
             Began as a Gargoyle Berserker on Nov 11, 2019.
             Was an Elder of Trog.
             Slain by a mummy (12 damage)
             ... in an ossuary.
             The game lasted 00:04:38 (4851 turns).

Fang the Skirmisher (Gargoyle Berserker)            Turns: 4851, Time: 00:04:39

Health: 0/69       AC: 12    Str: 27    XL:     7   Next: 84%
Magic:  7/7        EV:  8    Int: 13    God:    Trog [****..]
Gold:   316        SH:  0    Dex:  9    Spells: 6/6 levels left

rFire    . . .     SeeInvis .   a - +0 hand axe
rCold    . . .     Gourm    .   (no shield)
rNeg     + . .     Faith    .   b - +0 chain mail
rPois    ∞         Spirit   .   (no helmet)
rElec    +         Reflect  .   (no cloak)
rCorr    .         Harm     .   (no gloves)
MR       .....                  (no boots)
Stlth    ..........             (no amulet)
HPRegen  0.21/turn              h - +5 ring of intelligence
MPRegen  0.10/turn              j - ring of flight

@: berserking, marked, starving, extremely drained, very quick
A: negative energy resistance 1, electricity resistance, unbreathing,
petrification resistance, rot immunity, AC +4
a: Berserk, Trog's Hand, Brothers in Arms, Renounce Religion, Evoke Flight


You were in an ossuary.
You worshipped Trog.
Trog was greatly pleased with you.
You were starving.

You visited 1 branch of the dungeon, and saw 5 of its levels.
You also visited: Ossuary.

You collected 316 gold pieces.

Inventory:

Hand Weapons
 a - a +0 hand axe (weapon)
Armour
 b - a +0 chain mail (worn)
Jewellery
 h - a +5 ring of intelligence (left hand)
 j - a ring of flight (right hand)
Scrolls
 f - 2 scrolls of remove curse {unknown}
 i - a scroll of amnesia {unknown}
 l - 2 scrolls of identify {unknown}
Potions
 d - a potion of degeneration {unknown}
 e - 2 potions of curing {unknown}
 g - 4 potions of heal wounds {unknown}
 k - a potion of lignification {unknown}
 m - a potion of invisibility {unknown}
 n - a potion of ambrosia {unknown}
 o - a potion of mutation {unknown}
 p - a potion of agility {unknown}
Comestibles
 c - 10 rations


   Skills:
 * Level 6.2(0.0) Fighting
 * Level 5.0(0.0) Axes
 + Level 4.4(0.0) Armour
 + Level 3.3(0.0) Dodging


You had 6 spell levels left.
You didn't know any spells.
Your spell library was empty.

Dungeon Overview and Level Annotations

Branches:
Dungeon (5/15)             Temple (0/1) D:5         Ossuary (1/1)

Altars:
Ashenzari
Qazlal
Sif Muna
Uskayaw
Vehumet
Xom

Shops:
D:4 [


Innate Abilities, Weirdness & Mutations

You are resistant to torment.
Your stone body is resilient. (AC +4)
You are immune to poison.
You resist negative energy. (rN+)
You are resistant to electric shocks. (rElec)
You can survive without breathing.
You are immune to petrification.
You are immune to rotting.


Message History

The mummy is moderately damaged.
You closely miss the mummy. You hit the mummy. The mummy hits you!
* * * LOW HITPOINT WARNING * * *
You slash the mummy!
The mummy is almost destroyed.
You hit the mummy but do no damage. You barely miss the mummy.
A mummy opens the door.
The mummy hits you but does no damage. The mummy closely misses you.
You hit the mummy.
You destroy the mummy!
Trog accepts your kill.
Your chain mail prevents you from hitting the mummy. x2
You slash the mummy!
The mummy is severely damaged.
You completely miss the mummy. The mummy barely misses you.
The mummy closely misses you.
You barely miss the mummy.
The mummy is severely damaged.
You slash the mummy! The mummy hits you!
You die...

##. !? .. #.
#. ###'###
##..M..##
##...M@..##
#.........#
+....⌠....M...
#^.^......#...
##.......## ..
##.....## .
###'### #.#
##.##


You could see 3 mummies.

Vanquished Creatures
  2 phantoms (D:4)
  A big kobold (D:4)
  A scorpion (D:4)
  A howler monkey (D:4)
  An orc wizard (D:3)
  2 hounds (D:4)
  A jelly (D:4)
  A worker ant (D:4)
  2 hound skeletons (D:4)
  A mummy (Ossuary)
  5 gnolls
  6 adders
  2 adder skeletons
  3 worms
  2 dart slugs
  5 orcs (D:3)
  A ball python (D:3)
  2 giant cockroaches
  10 goblins
  10 hobgoblins
  8 jackals
  62 kobolds
  3 quokkas
  5 bats
  3 frilled lizards
  11 rats
151 creatures vanquished.

Notes
Turn   | Place    | Note
-------+----------+-------------------------------------------
     0 | D:1      | Fang the Gargoyle Berserker began the quest for the Orb.
     0 | D:1      | Reached XP level 1. HP: 14/14 MP: 1/1
   158 | D:1      | Reached XP level 2. HP: 15/19 MP: 2/2
   741 | D:1      | Reached XP level 3. HP: 23/23 MP: 3/3
  1005 | D:1      | Found a shimmering altar of Xom.
  1252 | D:2      | Reached ** piety under Trog
  1268 | D:2      | Reached XP level 4. HP: 22/29 MP: 4/4
  1456 | D:2      | Found a radiant altar of Vehumet.
  1464 | D:2      | Reached skill level 4 in Fighting
  1519 | D:2      | Found a hide-covered altar of Uskayaw.
  2074 | D:3      | Found a stormy altar of Qazlal.
  2096 | D:3      | Found a shattered altar of Ashenzari.
  2139 | D:3      | Reached XP level 5. HP: 30/33 MP: 5/5
  2343 | D:3      | Reached *** piety under Trog
  2642 | D:3      | Found a shimmering blue altar of Sif Muna.
  3202 | D:4      | Found Jiguupue's Antique Armour Shoppe.
  3310 | D:4      | Noticed a phantom
  3320 | D:4      | Reached XP level 6. HP: 37/39 MP: 6/6
  3450 | D:4      | Killed a phantom
  3450 | D:4      | Reached skill level 5 in Fighting
  3503 | D:4      | Reached XP level 7. HP: 27/44 MP: 7/7
  4280 | D:4      | Reached **** piety under Trog
  4393 | D:4      | Reached skill level 6 in Fighting
  4447 | D:4      | Reached skill level 5 in Axes
  4769 | D:5      | Entered Level 5 of the Dungeon
  4806 | D:5      | Found a sand-covered staircase.
  4814 | D:5      | Found a staircase to the Ecumenical Temple.
  4831 | Ossuary  | Entered an ossuary
  4851 | Ossuary  | Slain by a mummy

Levels and vault maps discovered:
D:1:      sevenhm_arrival_forest_fort_small_3, layout_basic,
          minmay_misc_feat_tower, xom_teletrap_fun
D:2:      minmay_evil_eye, layout_basic, vehumet_crystals,
          eat_drink_and_be_merry_uskayaw
D:3:      layout_loops_corners, tgw_sif, nicolae_overflow_hidden_temple,
          nicolae_qazlal_general_emergency, serial_park_tiny_1
D:4:      minmay_goblin_kobold_castle, layout_loops_cross, serial_shops,
          nicolae_shop_overgrown_old_shop, first_ration,
          chequers_serial_rivers_large_a
D:5:      layout_gridville, temple_fountains, nicolae_ossuary_entry_monument,
          hangedman_ru_absence
Ossuary:  ossuary_crypta

Skill      XL: |  1  2  3  4  5  6  7 |
---------------+----------------------+-----
Axes           | 3 4 5 |  5.0
Dodging        | 2 3 |  3.3
Armour         | 3 4 |  4.4
Fighting       | 4 5 6 |  6.2

Action                   |  1- 3 |  4- 6 |  7- 9 || total
-------------------------+-------+-------+-------++-------
Melee: Hand axe          |    96 |   320 |   211 ||   627
Invok: Berserk           |     1 |     3 |     1 ||     5
       Trog's Hand       |       |     1 |       ||     1
 Abil: Evoke Flight      |       |       |     1 ||     1
  Eat: Chunk             |     2 |     8 |     4 ||    14
       Ration            |       |     1 |       ||     1
Armor: Animal skin       |    29 |    29 |       ||    58
       Chain mail        |       |   171 |   144 ||   315
Dodge: Dodged            |    67 |   191 |    91 ||   349
